 Dungeon Crawl Stone Soup version 0.26-a0-599-gc8f6553 (webtiles) character file.

Game seed: 8451876984445127308

116 B1Gdaddy5 the Ruffian (level 4, -1/44 HPs)
             Began as a Troll Monk on Aug 29, 2020.
             Was a Believer of Qazlal.
             Slain by a gnoll
             ... wielding a +0 spear
              (6 damage)
             ... on level 2 of the Dungeon.
             The game lasted 00:08:21 (1145 turns).

B1Gdaddy5 the Ruffian (Troll Monk)                  Turns: 1145, Time: 00:08:22

Health: -1/44      AC:  6    Str: 20    XL:     4   Next: 70%
Magic:  3/3        EV: 11    Int:  6    God:    Qazlal [**....]
Gold:   105        SH:  2    Dex: 12    Spells: 3/3 levels left

rFire    . . .     SeeInvis .     - Unarmed
rCold    . . .     Faith    .   (no shield)
rNeg     . . .     Spirit   .   a - +0 robe
rPois    .         Reflect  .   (helmet restricted)
rElec    .         Harm     .   (no cloak)
rCorr    .                      (gloves unavailable)
MR       .....                  (boots unavailable)
Stlth    +.........             (no amulet)
HPRegen  0.54/turn              (no ring)
MPRegen  0.08/turn              (no ring)

@: no status effects
A: large, unfitting armour, claws 3, regeneration 1, shaggy fur 1, tough skin 3
a: Upheaval, Renounce Religion


You were on level 2 of the Dungeon.
You worshipped Qazlal.
Qazlal was pleased with you.
You visited 1 branch of the dungeon, and saw 2 of its levels.

You collected 105 gold pieces.

Inventory:

Hand Weapons
 h - a +0 dagger
Armour
 a - a +0 robe (worn)
 m - a +0 helmet
 n - a +0 scale mail
Scrolls
 b - 3 scrolls of fear {unknown}
 d - a scroll of immolation {unknown}
 g - a scroll of identify {unknown}
 i - a scroll of enchant armour {unknown}
 k - a scroll of fog {unknown}
 l - 3 scrolls of amnesia {unknown}
Potions
 c - a potion of lignification {unknown}
 e - 3 potions of haste {unknown}
 f - 3 potions of curing {unknown}
 j - a potion of flight {unknown}


   Skills:
 + Level 2.9 Fighting
 + Level 3.2 Dodging
 + Level 1.2 Stealth
 + Level 4.2 Unarmed Combat


You had 3 spell levels left.
You didn't know any spells.
Your spell library was empty.

Dungeon Overview and Level Annotations

Branches:
Dungeon (2/15)

Altars:
Qazlal


Innate Abilities, Weirdness & Mutations

You are too large for most types of armour.
You have claws for hands.
Your natural rate of healing is unusually fast.
You are covered in fur. (AC +1)
You have extremely tough skin. (AC +3)


Message History

Qazlal accepts your kill. The gnoll barely misses you.
You see here an adder corpse.
You scratch the gnoll but do no damage. You block the gnoll's attack.
The gnoll hits you from afar with a +0 spear.
You scratch the gnoll.
The gnoll is heavily wounded.
The gnoll barely misses you.
The gnoll hits you from afar with a +0 spear.
You claw the gnoll!
You kill the gnoll!
Qazlal accepts your kill.
The gnoll hits you from afar with a +0 spear.
* * * LOW HITPOINT WARNING * * *
The gnoll hits you with a +0 spear.
* * * LOW HITPOINT WARNING * * *
Things that are here:
a +0 whip; a gnoll corpse The gnoll hits you from afar with a +0 spear.
You die...

#.#######.# #. #.##......# #.
###### #.##......###. #.?..####
#..'......'... #....!..#
####......#### #....##.#
#......# ####....##.### #.....##
.........._..#########.#.#.#####
.........#.#rg)@...............<
.........#...####.#'##.###.....#
.........##### #..............'
....#....# #......#.......#
....#.#... #......#.#...... #'#
#.#.### #......#...)#'#. #g
..#.. #.#+##......#.#) #####[
#.# ########.#. #?# .........#.


You could see a gnoll and a rat.

Vanquished Creatures
  6 gnolls (D:2)
  An adder (D:2)
  An ooze (D:1)
  A worm (D:2)
  2 leopard geckos (D:2)
  4 bats (D:2)
  4 giant cockroaches
  4 goblins
  3 hobgoblins
  5 jackals
  4 kobolds
  2 frilled lizards (D:1)
  4 rats
41 creatures vanquished.

Notes
Turn   | Place    | Note
-------+----------+-------------------------------------------
     0 | D:1      | B1Gdaddy5 the Troll Monk began the quest for the Orb.
     0 | D:1      | Reached XP level 1. HP: 22/22 MP: 0/0
   251 | D:1      | Reached XP level 2. HP: 26/29 MP: 1/1
   775 | D:2      | Reached XP level 3. HP: 24/36 MP: 2/2
   792 | D:2      | Reached XP level 4. HP: 15/44 MP: 3/3
  1086 | D:2      | Found a stormy altar of Qazlal.
  1107 | D:2      | Reached skill level 4 in Unarmed Combat
  1115 | D:2      | Became a worshipper of Qazlal Stormbringer
  1115 | D:2      | Reached * piety under Qazlal
  1115 | D:2      | Reached ** piety under Qazlal
  1145 | D:2      | Slain by a gnoll

Illustrated notes

Levels and vault maps discovered:
D:1:      dpeg_arrival_ternary, layout_loops_cross, minmay_tetromino_t4
D:2:      layout_basic, lemuel_crystal_altar

Skill      XL: |  1  2  3  4 |
---------------+-------------+-----
Dodging        | 3 |  3.2
Unarmed Combat | 4 |  4.2
Fighting       | |  2.9
Stealth        | |  1.2

Action                   |  1- 3 |  4- 6 || total
-------------------------+-------+-------++-------
Melee: Unarmed           |    76 |    37 ||   113
       Punch             |     1 |     1 ||     2
Armor: Robe              |    25 |    11 ||    36
Dodge: Dodged            |    44 |    26 ||    70
Block: Other             |       |     4 ||     4

Table legend: (Time is in decaauts)
 A = Elapsed time spent in this place.
 B = Non-inter-level travel time spent in this place.
 C = Inter-level travel time spent in this place.
 D = Time resting spent in this place.
 E = Time spent auto-exploring this place.
 F = Levels seen in this place.
 G = Mean time per level.
                   A        B        C        D        E       F      G
               +--------+--------+--------+--------+--------+-----+--------+
         Total |   1135 |   1097 |     38 |     91 |    510 |   2 |  567.5 |
       Dungeon |   1135 |   1097 |     38 |     91 |    510 |   2 |  567.5 |
               +--------+--------+--------+--------+--------+-----+--------+

Top non-repeatable levels by time:
     D:1: 637 daAuts
     D:2: 498 daAuts
